 Dungeon Crawl Stone Soup version 0.24-a0-250-g6074511 (webtiles) character file.

Game seed: 11006909829211526343

1896 stupendous the Carver (level 9, -2/65 HPs)
             Began as a Formicid Fighter on Apr 15, 2019.
             Succumbed to a hornet's poison
             ... on level 7 of the Dungeon.
             The game lasted 00:10:48 (7548 turns).

stupendous the Carver (Formicid Fighter)            Turns: 7548, Time: 00:10:49

Health: -2/65      AC: 10    Str: 19 (21) XL:     9   Next: 37%
Magic:  0/9        EV:  9    Int:  6 (8)  God:
Gold:   325        SH: 11    Dex: 10 (11) Spells: 8/8 levels left

rFire    . . .     SeeInvis +   a - +0 long sword
rCold    . . .     Gourm    .   c - +0 shield
rNeg     . . .     Faith    .   b - +0 scale mail
rPois    .         Spirit   +   (helmet unavailable)
rElec    .         Reflect  .   (no cloak)
rCorr    .         Harm     .   C - +0 pair of gloves
MR       .....                  (no boots)
Stlth    +.........             j - amulet of guardian spirit
HPRegen  0.20/turn              y - ring of stealth
MPRegen  0.11/turn              (no ring)

@: lethally poisoned (-2 -> -30), flying
A: permanent stasis, dig shafts and tunnels, four strong arms, antennae 3,
iridescent scales 1, clumsy 1, sturdy frame 1
a: Dig, Shaft Self


You were on level 7 of the Dungeon.
You were very hungry.

You visited 1 branch of the dungeon, and saw 7 of its levels.

You collected 325 gold pieces.

Inventory:

Hand Weapons
 a - a +0 long sword (weapon)
Armour
 b - a +0 scale mail (worn)
 c - a +0 shield (worn)
 q - a +0 large shield
 r - a +0 plate armour
 C - a +0 pair of gloves (worn)
Jewellery
 j - an amulet of guardian spirit (around neck)
 y - a ring of stealth (left hand)
Wands
 s - a wand of scattershot (3)
 u - a wand of digging (7)
 x - a wand of enslavement (10)
Scrolls
 e - 3 scrolls of magic mapping {unknown}
 g - 4 scrolls of amnesia {unknown}
 h - 4 scrolls of identify {unknown}
 k - 3 scrolls of enchant weapon {unknown}
 p - a scroll of fog {unknown}
 v - 7 scrolls of remove curse {unknown}
 B - 2 scrolls of random uselessness {unknown}
 E - a scroll of fear {unknown}
Potions
 d - 2 potions of might
 i - a potion of curing {unknown}
 l - 2 potions of haste
 m - a potion of agility {unknown}
 n - a potion of berserk rage
 o - 3 potions of degeneration
 t - a potion of lignification {unknown}
 F - a potion of magic {unknown}
Comestibles
 f - 11 rations


   Skills:
 - Level 4.0 Fighting
 * Level 9.7 Long Blades
 - Level 4.0 Armour
 - Level 8.1 Shields


You had 8 spell levels left.
You didn't know any spells.
Your spell library was empty.

Dungeon Overview and Level Annotations

Branches:
Dungeon (7/15)
 Temple: D:4-7

Altars:
Makhleb
Ru
Sif Muna
Yredelemnul
The Shining One

Shops:
D:6 %


Innate Abilities, Weirdness & Mutations

You cannot be hasted, slowed, berserked, paralysed or teleported.
You can dig through walls and to a lower floor.
Your four strong arms can wield two-handed weapons with a shield.
You have a pair of large antennae on your head. (SInv)
You are partially covered in iridescent scales. (AC +2)
You are clumsy. (Dex -2)
Your movements are slightly less encumbered by armour. (ER -2)


Message History

The hornet closely misses you.
It was a potion of berserk rage.
Your stasis prevents you from going berserk.
* * * LOW HITPOINT WARNING * * *
You feel sick. The hornet stings you.
* * * LOW HITPOINT WARNING * * *
You are more poisoned.
Your stasis prevents you from being slowed.
Unknown command.
It was a potion of flight.
You feel very buoyant.
You fly up into the air.
* * * LOW HITPOINT WARNING * * *
You feel very sick. You block the hornet's attack. x2
It was a potion of mutation.
You feel extremely strange.
You feel clumsy.
Iridescent scales grow over part of your body.
You feel less encumbered by your armour.
You die...

#..#......#.....# ..#
#.........#....###.###.
#)<..........#.........
##.##........#....(....
#####...#.............
##.###............ ###
###..........
####.#.......
#@yZ.........
###..........
#.$........ ...........
#...#.......
###.#....... .........
.. ....


You could see a hornet and a bullfrog skeleton.

Vanquished Creatures
  Grinder (D:4)
  Eustachio (D:6)
  Edmund (D:5)
  An ice beast (D:6)
  An orc warrior (D:6)
  A sky beast (D:6)
  2 ogres
  A necrophage (D:6)
  A centaur (D:5)
  A gnoll sergeant (D:6)
  A hound (D:4)
  4 orc priests
  4 orc wizards
  A bullfrog skeleton (D:6)
  A gnoll shaman (D:5)
  An iguana (D:5)
  4 worker ants
  2 hound skeletons (D:5)
  6 gnolls
  7 adders
  3 oozes
  4 adder skeletons
  4 worms
  A dart slug (D:1)
  7 leopard geckos
  23 orcs
  5 giant cockroaches
  7 goblins
  8 hobgoblins
  9 jackals
  4 quokkas
  6 bats
  6 frilled lizards
  A jackal skeleton (D:4)
  3 kobolds
  A quokka skeleton (D:3)
  8 rats
142 creatures vanquished.

Vanquished Creatures (others)
  A bush (D:5)
1 creature vanquished.

Grand Total: 143 creatures vanquished

Notes
Turn   | Place    | Note
-------+----------+-------------------------------------------
     0 | D:1      | stupendous the Formicid Fighter began the quest for the
                  | Orb.
     0 | D:1      | Reached XP level 1. HP: 18/18 MP: 1/1
    74 | D:1      | Reached XP level 2. HP: 19/24 MP: 2/2
   355 | D:1      | Reached XP level 3. HP: 28/29 MP: 3/3
  1065 | D:2      | Reached XP level 4. HP: 34/37 MP: 4/4
  1239 | D:2      | Noticed an ogre
  1251 | D:2      | Killed an ogre
  1251 | D:2      | Reached skill level 3 in Long Blades
  1251 | D:2      | Reached skill level 5 in Shields
  1251 | D:2      | Reached XP level 5. HP: 11/42 MP: 1/5
  1696 | D:2      | Found a deep blue altar of Sif Muna.
  1845 | D:3      | Reached XP level 6. HP: 42/48 MP: 3/6
  1885 | D:3      | Reached skill level 4 in Long Blades
  2334 | D:3      | Found a glowing golden altar of the Shining One.
  2706 | D:3      | Reached XP level 7. HP: 43/54 MP: 5/7
  2795 | D:3      | Found a burning altar of Makhleb.
  3175 | D:4      | Reached skill level 5 in Long Blades
  3523 | D:4      | Noticed Grinder
  3545 | D:4      | Killed Grinder
  3612 | D:4      | Reached skill level 6 in Long Blades
  4127 | D:5      | Entered Level 5 of the Dungeon
  4129 | D:5      | Noticed Edmund
  4155 | D:5      | Killed Edmund
  4155 | D:5      | Reached XP level 8. HP: 8/60 MP: 1/8
  4443 | D:5      | Found a sacrificial altar of Ru.
  4699 | D:5      | Reached skill level 7 in Long Blades
  5364 | D:5      | Found a basalt altar of Yredelemnul.
  6371 | D:6      | Found Jodul's Food Emporium.
  6431 | D:6      | Reached skill level 8 in Long Blades
  6431 | D:6      | Reached XP level 9. HP: 37/63 MP: 9/9
  6637 | D:6      | Noticed Eustachio
  6678 | D:6      | Reached skill level 9 in Long Blades
  6708 | D:6      | Killed Eustachio
  7520 | D:7      | Noticed a hornet
  7543 | D:7      | HP: 3/63 [hornet (4)]
  7544 | D:7      | HP: 1/63 [poisoned by a hornet]
  7548 | D:7      | Gained mutation: You are clumsy. (Dex -2) [potion of
                  | mutation]
  7548 | D:7      | Gained mutation: You are partially covered in iridescent
                  | scales. (AC +2) [potion of mutation]
  7548 | D:7      | Gained mutation: Your movements are slightly less
                  | encumbered by armour. (ER -2) [potion of mutation]
  7548 | D:7      | Succumbed to a hornet's poison

Levels and vault maps discovered:
D:1:      eino_arrival_water_star, layout_basic, corexii_leaking_fountain
D:2:      layout_loops_cross, led_sif_pool
D:3:      layout_loops_ring, lemuel_round_altar, nicolae_overflow_hidden_temple,
          kennysheep_minor_cross, kennysheep_small_spiral,
          ebering_dispersal_statue_hall
D:4:      layout_basic, uniq_grinder
D:5:      wander_river, layout_cave_pods, yredelemnul_altar_generic,
          first_ration, kb_lookout_dungeons_type, nicolae_ru_path_of_blood,
          uniq_edmund
D:6:      layout_loops_ring, serial_shops, shop, uniq_eustachio
D:7:      cheibrodos_barr_body, layout_cave_pools,
          minmay_temple_entry_statues_pillars, uniq_prince_ribbit1

Skill      XL: |  1  2  3  4  5  6  7  8  9 |
---------------+----------------------------+-----
Shields        | 4 5 6 8 |  8.1
Long Blades    | 3 4 6 8 9 |  9.7
Armour         | 4 |  4.0
Fighting       | 4 |  4.0

Action                   |  1- 3 |  4- 6 |  7- 9 || total
-------------------------+-------+-------+-------++-------
Melee: Long sword        |    99 |   191 |   473 ||   763
 Abil: Dig               |       |     3 |     8 ||    11
  Use: Potion            |       |       |     6 ||     6
 Stab: Distracted        |       |       |     1 ||     1
  Eat: Chunk             |     1 |     6 |    12 ||    19
       Ration            |       |       |     1 ||     1
Armor: Scale mail        |    42 |    63 |    97 ||   202
Dodge: Dodged            |    18 |    44 |   106 ||   168
Block: Shield            |    62 |    96 |   229 ||   387
       Rpst.: Long sword |     8 |    12 |    31 ||    51

Table legend:
 A = Non-vault XP
 B = Vault XP
 C = Vault XP percentage of total XP
 D = Non-vault monster count
 E = Vault monster count
 F = Vault count percentage of total count
                 A         B        C        D         E       F
            +---------+---------+-------+---------+---------+-------
      Total |    1937 |     772 |  28.5 |     138 |       4 |   2.8
            +---------+---------+-------+---------+---------+-------
        D:1 |      39 |       0 |   0.0 |      20 |       0 |   0.0
        D:2 |     215 |       0 |   0.0 |      17 |       0 |   0.0
        D:3 |     272 |       0 |   0.0 |      43 |       0 |   0.0
        D:4 |     137 |     277 |  66.9 |      14 |       1 |   6.7
        D:5 |     218 |     278 |  56.0 |      13 |       2 |  13.3
        D:6 |    1022 |     217 |  17.5 |      30 |       1 |   3.2
        D:7 |      34 |       0 |   0.0 |       1 |       0 |   0.0
            +---------+---------+-------+---------+---------+-------
